 Dungeon Crawl Stone Soup version 0.31-a0-1576-ga3383bade6 (webtiles) character file.

Game seed: 17280144244979266189

1078 Atlas the Ruffian (level 8, 0/65 (72) HPs)
             Began as a Troll Shapeshifter on Jan 4, 2024.
             Was an Initiate of Gozag.
             Slain by a wight
             ... wielding a +0 battleaxe
              (3 damage)
             ... on level 6 of the Dungeon.
             The game lasted 00:04:18 (4417 turns).

Atlas the Ruffian (Troll Shapeshifter)              Turns: 4417, Time: 00:04:18

HP:   0/65 (72)     AC:  4    Str: 25    XL:     8   Next: 8%
MP:   0/16          EV: 10    Int:  6    God:    Gozag
Gold: 254           SH:  0    Dex:  9    Spells: 7/7 levels left

rFire   . .          .
                       - Unarmed
rCold   + . .        (no shield)
rNeg    . . .        a - +0 animal skin
rPois   .            (helmet currently unavailable)
rElec   .            (cloak currently unavailable)
rCorr   .            (gloves unavailable)
SInv    .            (boots unavailable)
Will    .....        y - amulet of the Locust {Spirit Harm rC+}
Stlth   ++           l - ring of magical power
HPRegen 1.10/turn    (no ring)
MPRegen 0.15/turn

%: harm (+30% outgoing, +20% incoming), guardian spirit
@: beast-form, gold aura, drained
A: beast (slay +2), large, unfitting armour, claws 3, regeneration 1, shaggy fur
1, tough skin 1
a: Begin Untransformation, Renounce Religion, Potion Petition, Call Merchant,
Bribe Branch


You were on level 6 of the Dungeon.
You worshipped Gozag.
Gozag was aware of your devotion.
You were a hulking beast.
You visited 2 branches of the dungeon, and saw 7 of its levels.

You collected 381 gold pieces.
You paid 127 gold pieces to Gozag.

Inventory:

Missiles
 s - 3 javelins
Armour
 a - a +0 animal skin (worn)
 h - a +0 cloak
Jewellery
 l - a ring of magical power (left claw)
 y - the amulet of the Locust (around neck) {Spirit Harm rC+}
   (You found it on level 4 of the Dungeon)

   [amulet of guardian spirit]

   Spirit:    It causes incoming damage to be divided between your reserves of
   health and magic.
   rC+:       It protects you from cold.
   Harm:      It increases damage dealt and taken.
Talismans
 c - a beast talisman
 d - a flux talisman
Wands
 t - a wand of roots (12)
 C - a wand of polymorph (12)
Scrolls
 e - a scroll of blinking {unknown}
 f - 7 scrolls of identify
 i - a scroll of teleportation
 k - a scroll of torment {unknown}
 p - 2 scrolls of enchant armour {unknown}
 q - a scroll of poison {unknown}
 r - a scroll of brand weapon {unknown}
 u - 2 scrolls of enchant weapon {unknown}
 v - 2 scrolls of amnesia {unknown}
 D - a scroll of vulnerability {unknown}
 E - a scroll of revelation {unknown}
Potions
 b - a potion of lignification
 g - 2 potions of degeneration {unknown}
 j - 2 potions of curing
 m - a potion of berserk rage {unknown}
 n - a potion of haste {unknown}
 o - 2 potions of might {unknown}
 w - 2 potions of attraction {unknown}
 x - a potion of magic {unknown}
 z - 2 potions of heal wounds {unknown}
 A - 2 potions of enlightenment {unknown}
 B - a potion of brilliance {unknown}


   Skills:
 + Level 1.9 Fighting
 + Level 3.3 Dodging
 + Level 2.0 Stealth
 + Level 7.3 Unarmed Combat
 + Level 4.4 Shapeshifting


You had 7 spell levels left.
You didn't know any spells.
Your spell library contained the following spells:

 Spells                   Type           Power      Damage    Failure   Level
 Tukima's Dance           Hex            0%         N/A       83%         3
 Dimensional Bullseye     Hex/Tloc       0%         N/A       99%         4
 Iskenderun's Mystic Bla  Conj/Tloc      0%         2d3       99%         4


Dungeon Overview and Level Annotations

Branches:
Dungeon (6/15)             Temple (1/1) D:6

Altars:
Ashenzari
Cheibriados
Dithmenos
Elyvilon
Fedhas
Gozag
Hepliaklqana
Kikubaaqudgha
Makhleb
Nemelex Xobeh
Okawaru
Qazlal
Ru
Uskayaw
Vehumet
Wu Jian
Yredelemnul
Zin
The Shining One


Innate Abilities, Weirdness & Mutations

You are a hulking beast.
Your limbs bulge with bestial killing power. (Slay +2)
You are too large for most types of armour.
You have claws for hands.
Your natural rate of healing is unusually fast.
You are covered in fur. (AC +1)
You have tough skin. (AC +1)


Message History

You pay a service fee of 127 gold.
You don't have any such object.
Fire/throw/use which item? ([*] to toss any item) (? for menu, Esc to quit)
Okay, then.
There is a staircase back to the Dungeon here.
You climb upwards.
Welcome back to the Dungeon!
There is a staircase to the Ecumenical Temple here.
You see here a +0 flail.
A wight comes into view. It is wielding a +0 great sword.
Found a notched cabochon ring.
A wight comes into view. It is wielding a +0 battleaxe.
A wight comes into view. It is wielding a +1 spear.
Found a ring mail and 4 stones.
The wight hits you with a +0 battleaxe.
The wight hits you from afar with a +1 spear.
You scratch the wight.
The wight is moderately damaged.
The wight barely misses you.
You mangle the wight!!
You destroy the wight!
The wight hits you from afar with a +1 spear!
You feel drained.
A wight comes into view. It is wielding a +0 long sword.
A wight comes into view. It is wielding a +4 spear.
Your life force feels restored.
The wight attacks as it pursues you! The wight hits you with a +0 battleaxe!
You feel drained. The wight attacks as it pursues you!
The wight hits you with a +0 battleaxe! The wight attacks as it pursues you!
The wight hits you with a +0 battleaxe.
You feel drained. The wight attacks as it pursues you!
The wight hits you with a +0 battleaxe!
* * * LOW HITPOINT WARNING * * *
Okay, then.
As you read the scroll labelled QUASHR ALIEBB, it crumbles to dust.
It is a scroll of identify.
i - a scroll of teleportation The wight hits you with a +0 battleaxe!
* * * LOW HITPOINT WARNING * * *
You feel drained.
You die...
Your body crumbles into a pile of gold.

#.....)#.......°○......
#......## #.......#
##.....## ### ##...##
#. ..## ############.=.
#..## #........# ##..#
##z#...#### ##.#
#######h.#.###
#.######.......##z#
###..#.....########z..#
.......##### ...##
######.# z.###
######.####### ..#
.............. ([.
######[.........##
####[..######..#


You could see a wight.

Vanquished Creatures
  Duvessa (D:6)
  An orc warrior (D:5)
  A bullfrog (D:6)
  2 scorpions
  A wight (D:6)
  Dowan (D:6)
  4 bombardier beetles
  3 hounds
  2 orc priests
  Ijyb (D:3)
  Terence (D:2)
  2 iguanas (D:5)
  2 orc wizards
  Robin (D:3)
  6 adders
  2 ufetubi (D:5)
  6 dart slugs
  5 orcs
  9 ball pythons
  6 endoplasms
  3 giant cockroaches
  9 goblins
  8 hobgoblins
  3 quokkas
  4 bats
  7 frilled lizards
  7 kobolds
  4 rats
102 creatures vanquished.

Notes
Turn   | Place    | Note
-------+----------+-------------------------------------------
     0 | D:1      | Atlas the Troll Shapeshifter began the quest for the Orb.
     0 | D:1      | Reached XP level 1. HP: 18/18 MP: 0/0
   100 | D:1      | Reached XP level 2. HP: 26/26 MP: 1/1
   137 | D:1      | You fall into a shaft and drop 1 floor!
   198 | D:2      | Noticed Terence
   204 | D:2      | Killed Terence
   205 | D:2      | Reached XP level 3. HP: 32/32 MP: 2/2
   621 | D:1      | Found a faded altar of an unknown god.
   892 | D:2      | Reached skill level 4 in Unarmed Combat
   897 | D:2      | Reached XP level 4. HP: 38/40 MP: 3/3
  1659 | D:3      | Found an ancient bone altar of Kikubaaqudgha.
  1691 | D:3      | Noticed Ijyb
  1712 | D:3      | Killed Ijyb
  1713 | D:3      | Reached skill level 1 in Fighting
  1726 | D:3      | Noticed Robin
  1736 | D:3      | Killed Robin
  1737 | D:3      | Reached XP level 5. HP: 31/47 MP: 4/4
  1889 | D:3      | Reached skill level 5 in Unarmed Combat
  1968 | D:3      | Found a sacrificial altar of Ru.
  2011 | D:3      | Found a glowing silver altar of Zin.
  2274 | D:3      | Found a radiant altar of Vehumet.
  2336 | D:3      | Found a blossoming altar of Fedhas.
  2521 | D:4      | Reached skill level 1 in Stealth
  2521 | D:4      | Reached XP level 6. HP: 41/55 MP: 5/5
  2597 | D:4      | Identified the amulet of the Locust {Spirit Harm rC+}
  3078 | D:5      | Entered Level 5 of the Dungeon
  3189 | D:5      | Noticed an orc warrior
  3197 | D:5      | Killed an orc warrior
  3198 | D:5      | Reached XP level 7. HP: 44/62 MP: 6/6
  3332 | D:5      | Reached skill level 6 in Unarmed Combat
  3876 | D:5      | Identified the +1 mace of the End {freeze, rCorr Str-2
                  | Int+5}
  3928 | D:6      | Noticed Duvessa
  3930 | D:6      | Noticed Dowan
  3940 | D:6      | Killed Duvessa
  4043 | D:6      | Killed Dowan
  4113 | D:6      | Reached skill level 7 in Unarmed Combat
  4210 | D:6      | Reached XP level 8. HP: 71/72 MP: 7/7
  4264 | D:6      | Found a staircase to the Ecumenical Temple.
  4273 | Temple   | Entered the Ecumenical Temple
  4295 | Temple   | Became a worshipper of Gozag Ym Sagoz the Greedy
  4417 | D:6      | HP: 3/68 [wight/+0 battleaxe (17)]
  4417 | D:6      | Slain by a wight

Illustrated notes

Levels and vault maps discovered:
D:1:      eino_arrival_water_cross, layout_loops_cross,
          shapermc_ecumenical_altar_mp_vishouse, serial_bayou_crossing
D:2:      layout_loops_corners, serial_rivers, chequers_serial_rivers_micro_e,
          chequers_serial_rivers_small_a, chequers_serial_rivers_room_b,
          chequers_serial_rivers_small_b, uniq_terence
D:3:      layout_basic, zin_statuary, nicolae_kikubaaqudgha_miasma_corner,
          nicolae_overflow_hidden_temple, general_overflow_altar,
          nicolae_goblin_pals
D:4:      layout_gridville
D:5:      layout_basic
D:6:      layout_rooms, kennysheep_mini_moat, lemuel_temple_firewalk_a,
          uniq_duvessa
Temple:   nicolae_temple_superstar

Skill      XL: |  1  2  3  4  5  6  7  8 |
---------------+-------------------------+-----
Unarmed Combat | 4 5 7 |  7.3
Fighting       | 1 |  1.9
Dodging        | 2 3 |  3.3
Shapeshifting  | 4 |  4.4
Stealth        | 1 2 |  2.0

Action                     |  1- 3 |  4- 6 |  7- 9 || total
---------------------------+-------+-------+-------++-------
  Melee: Unarmed           |    74 |   134 |    63 ||   271
         Punch             |     1 |     3 |     2 ||     6
  Throw: Javelin           |       |     1 |       ||     1
    Use: Potion            |       |       |     1 ||     1
         Scroll            |       |       |     1 ||     1
   Stab: Sleeping          |       |     1 |     1 ||     2
 Armour: Animal skin       |    44 |    93 |    55 ||   192
  Dodge: Dodged            |    27 |    61 |    31 ||   119

Table legend: (Time is in decaauts)
 A = Elapsed time spent in this place.
 B = Non-inter-level travel time spent in this place.
 C = Inter-level travel time spent in this place.
 D = Time resting spent in this place.
 E = Time spent auto-exploring this place.
 F = Levels seen in this place.
 G = Mean time per level.
                   A        B        C        D        E       F      G
               +--------+--------+--------+--------+--------+-----+--------+
         Total |   4393 |   4117 |    276 |    112 |   3346 |   7 |  627.6 |
       Dungeon |   4359 |   4115 |    244 |    112 |   3346 |   6 |  726.5 |
        Temple |     33 |      1 |     32 |      0 |      0 |   1 |   33.0 |
               +--------+--------+--------+--------+--------+-----+--------+

Top non-repeatable levels by time:
     D:2: 975 daAuts
     D:5: 935 daAuts
     D:3: 743 daAuts
     D:1: 673 daAuts
     D:4: 669 daAuts
     D:6: 361 daAuts
  Temple: 33 daAuts
